 Dungeon Crawl Stone Soup version 0.29-a0-380-gf50f0a9fbc (webtiles) character file.

Game seed: 12049796956411027139

187889 swappor the Warrior (level 17, -14/255 HPs)
             Began as a Minotaur Berserker on May 5, 2022.
             Was the Champion of Trog.
             Demolished by Donald
             ... wielding a +2 eveningstar of holy wrath
              (26 damage)
             ... on level 1 of the Swamp.
             The game lasted 02:16:48 (39586 turns).

swappor the Warrior (Minotaur Berserker)           Turns: 39586, Time: 02:16:49

Health: -14/255    AC: 25    Str: 25    XL:     17   Next: 46%
Magic:  16/16      EV: 11    Int:  8    God:    Trog [******]
Gold:   1837       SH: 15    Dex: 11    Spells: 16/16 levels left

rFire   + + .      SeeInvis .   b - +9 demon whip (vorpal)
rCold   + . .      Faith    .   r - +3 buckler
rNeg    + + .      Spirit   .   z - +1 plate armour of the Flying Gods {rPois rN+}
rPois   +          Reflect  +   (helmet restricted)
rElec   .          Harm     .   Q - scarf {rC+ rF+}
rCorr   +          Rampage  +   B - +2 pair of gloves
Will    +....                   C - +2 pair of boots {rampage}
Stlth   ..........              g - amulet of reflection
HPRegen 0.52/turn               f - ring of Accord {Wiz rPois rF+ rN+ Stlth-}
MPRegen 0.15/turn               I - ring of resist corrosion

@: berserking, very quick
A: horns 2, retaliatory headbutt
}: 1/15 runes: gossamer
a: Renounce Religion, Berserk, Trog's Hand, Brothers in Arms


You were on level 1 of the Swamp.
You worshipped Trog.
Trog was exalted by your worship.
You visited 5 branches of the dungeon, and saw 26 of its levels.
You also visited: Sewer, Ossuary, Bailey and Ice Cave.

You collected 3899 gold pieces.
You spent 2062 gold pieces at shops.

Inventory:

Hand Weapons
 a - the +12 war axe of Slime {vamp, rF+ Dex+2}
   (You found it on level 10 of the Dungeon)

   It occasionally heals its wielder for a portion of the damage dealt when it
   wounds a living foe.
   Dex:       It affects your dexterity (+2).
   rF:        It protects you from fire.
 b - a +9 vorpal demon whip (weapon)
   (Trog gifted it to you on level 5 of the Lair of Beasts)
Missiles
 c - 9 throwing nets {!d}
Armour
 r - a +3 buckler (worn)
   (You took it off a gnoll sergeant on level 10 of the Dungeon)
 z - the +1 plate armour of the Flying Gods (worn) {rPois rN+}
   (You acquired it on level 5 of the Lair of Beasts)

   rPois:     It protects you from poison.
   rN:        It protects you from negative energy.
 B - a +2 pair of gloves (worn)
   (You found it on level 4 of the Dungeon)
 C - a +2 pair of boots of rampaging (worn)
   (You found it in a bailey)
 Q - a scarf of resistance (worn)
   (You found it on level 4 of the Spider Nest)
Jewellery
 f - the ring of Accord (left hand) {Wiz rPois rF+ rN+ Stlth-}
   (You found it in an ice cave)

   [ring of wizardry]

   It improves your spell success rate.
   rF:        It protects you from fire.
   rPois:     It protects you from poison.
   rN:        It protects you from negative energy.
   Stlth:     It makes you less stealthy.
 g - an amulet of reflection (around neck)
   (You found it on level 7 of the Dungeon)
 F - a ring of positive energy {rN+}
   (You found it on level 3 of the Lair of Beasts)
 I - a ring of resist corrosion (right hand)
   (You found it in an ice cave)
 V - a ring of see invisible {sInv, !d}
   (You found it on level 2 of the Spider Nest)
 W - a ring of willpower
   (You found it on level 5 of the Dungeon)
Wands
 d - a wand of digging (11)
   (You found it on level 6 of the Lair of Beasts)
 e - a wand of charming (11)
   (You found it on level 5 of the Dungeon)
 h - a wand of acid (24)
   (You found it on level 6 of the Dungeon)
 i - a wand of iceblast (33)
   (You found it on level 5 of the Lair of Beasts)
 j - a wand of polymorph (22)
   (You found it on level 4 of the Dungeon)
 p - a wand of paralysis (26)
   (You found it on level 5 of the Lair of Beasts)
 q - a wand of flame (44)
   (You bought it in a shop on level 4 of the Dungeon)
 y - a wand of mindburst (32)
   (You bought it in a shop on level 4 of the Dungeon)
Scrolls
 k - a scroll of enchant weapon
 m - 3 scrolls of enchant armour
 t - 4 scrolls of poison {!r}
 u - 2 scrolls of fog
 w - 5 scrolls of noise {!r}
 A - 2 scrolls of vulnerability {!r!r}
 D - 6 scrolls of blinking {!r}
 E - 3 scrolls of fear
 K - 2 scrolls of immolation {!r}
 O - 2 scrolls of silence
 S - 2 scrolls of summoning
 X - a scroll of magic mapping {@r4!r}
 Y - 19 scrolls of teleportation {@r3}
Potions
 n - 3 potions of cancellation
 o - 2 potions of magic
 x - 3 potions of attraction {!q}
 G - 5 potions of ambrosia {!q}
 H - 8 potions of haste
 J - 10 potions of curing {@q1}
 L - 4 potions of flight
 M - 8 potions of might
 N - 4 potions of heal wounds {@q2}
 P - 6 potions of lignification {!q}
 R - 2 potions of resistance
 T - 2 potions of berserk rage {!q}
 U - 8 potions of mutation {!q}
 Z - 4 potions of invisibility
Miscellaneous
 l - a condenser vane
   (You found it on level 1 of the Lair of Beasts)
 s - a tin of tremorstones (2/2)
   (You found it in a bailey)
 v - a lightning rod (4/4)
   (You found it on level 3 of the Spider Nest)


   Skills:
 - Level 20.0 Fighting
 - Level 10.0(11.9) Axes
 - Level 10.2(12.0) Maces & Flails
 - Level 16.0 Armour
 + Level 10.2 Dodging
 - Level 12.0 Shields
 - Level 15.0 Evocations


You had 16 spell levels left.
You didn't know any spells.
Your spell library was empty.

Dungeon Overview and Level Annotations

Branches:
Dungeon (13/15)            Temple (0/1) D:6            Lair (6/6) D:10
  Swamp (1/4) Lair:2       Spider (4/4) Lair:3        Slime (0/5) Lair:5
    Orc (2/2) D:9             Elf (0/3) Orc:2         Sewer (visited)
Ossuary (visited)          Bailey (visited)           IceCv (visited)
 Vaults: D:13-14

Altars:
Dithmenos
Elyvilon
Gozag
Hepliaklqana
Qazlal
Ru
Sif Muna
Xom
Yredelemnul
The Shining One
Beogh
Jiyva

Shops:
D:2 [   D:4 *   D:5 [   D:7 [   D:10 *   D:11 (   Orc:2 *(*[

Annotations:
Swamp:1 Donald


Innate Abilities, Weirdness & Mutations

You have a pair of horns on your head.
You reflexively headbutt those who attack you in melee.


Message History

Moving in this stuff is going to be slow.
You feel your anger nearly subside. The swamp dragon barely misses you.
You furiously retaliate!
You headbutt the swamp dragon. The swamp dragon barely misses you. x2
You thrash the swamp dragon!!
You are no longer berserk.
You are exhausted.
You feel yourself slow down.
You now have 58/170 hp.
You whack the swamp dragon!
You headbutt the swamp dragon, but do no damage.
You block the swamp dragon's attack.
The swamp dragon claws you but does no damage.
You block the swamp dragon's attack.
You whack the swamp dragon!
The swamp dragon breathes poison at you.
The blast of poison engulfs you but does no damage.
You resist.
You whack the swamp dragon!
You kill the swamp dragon!
Trog accepts your kill.
You hear a splash.
The swamp dragon scales are intact enough to wear.
Things that are here:
+0 swamp dragon scales; a swamp dragon corpse You enter the shallow water.
Moving in this stuff is going to be slow.
You see here a goliath frog corpse.
You feel yourself speed up.
You enter the shallow water.
Moving in this stuff is going to be slow.
You recover from your berserk rage.
You start resting.
A death drake comes into view.
You regained 27 hp, and now have 97/170 hp.
Here: a death drake (wandering, hasn't noticed you)
The floor.
Unknown command.
The death drake hisses angrily.
You rampage towards the death drake!
You closely miss the death drake. You headbutt the death drake.
The death drake bites you but does no damage.
You whack the death drake! You closely miss the death drake.
You headbutt the death drake, but do no damage.
The death drake bites you.
You take 2 damage, and have 96/170 hp.
You whack the death drake! Your headbutt misses the death drake.
The death drake breathes miasma at you. The foul vapour misses you.
You thrash the death drake!!
You kill the death drake!
Trog accepts your kill.
You are engulfed in dark miasma.
You take 5 damage, and have 92/170 hp.
You are engulfed in dark miasma.
You take 6 damage, and have 86/170 hp.
You start resting.
Donald the Adventurer comes into view.
He is wielding a +2 eveningstar of holy wrath, wearing a +0 chain mail of fire resistance and wearing a +2 kite shield of reflection.
Here: Donald, wielding a +2 eveningstar of holy wrath, wearing a +0 chain mail of fire resistance and wearing a +2 kite shield of reflection (wandering, hasn't noticed you) Some shallow water.
Donald shouts!
Donald gestures wildly while chanting.
Donald seems to speed up.
You enter the shallow water.
Moving in this stuff is going to be slow.
You see here a death drake corpse.
Donald mumbles some strange words.
Donald seems to grow stronger.
Donald says, "What could mosquitoes possibly want with my blood?"
Donald says, "They wouldn't let me join their adventuring club without the Orb."
Donald hits you with a +2 eveningstar of holy wrath!
You take 17 damage, and have 73/170 hp.
You thrash Donald!!
Donald hits you with a +2 eveningstar of holy wrath!!
* * * LOW HITPOINT WARNING * * *
You take 29 damage, and have 44/170 hp.
A red film seems to cover your vision as you go berserk!
You feel yourself moving faster!
You feel mighty!
Donald says, "Damn it, I left my flaming sword at home."
Donald hits you with a +2 eveningstar of holy wrath!
* * * LOW HITPOINT WARNING * * *
You now have 54/255 hp.
You whack Donald! You headbutt Donald. You block Donald's attack.
Donald blocks your attack. Donald blocks your attack.
You headbutt Donald! Donald barely misses you. You furiously retaliate!
You headbutt Donald. Donald blocks your attack.
You headbutt Donald. Donald blocks your attack.
Donald hits you with a +2 eveningstar of holy wrath!!!
* * * LOW HITPOINT WARNING * * *
You take 44 damage, and have 11/255 hp.
Donald blocks your attack.
You whack Donald! You block Donald's attack.
You completely miss Donald.
Donald blocks your attack. x2; Donald hits you but does no damage.
Donald blocks your attack. Donald blocks your attack.
Your headbutt misses Donald.
Donald hits you with a +2 eveningstar of holy wrath!!
You die...

≈≈.≈.......≈≈≈≈♣
..♣♣♣♣♣♣≈...≈...♣≈...♣♣♣
.}≈≈♣.♣≈..≈≈≈..♣♣......♣
...≈.....≈≈≈≈.♣♣≈≈≈...≈
♣......≈......♣.≈≈.†.≈
♣♣.....≈..≈≈≈[...≈≈....
♣♣..._..≈≈....≈.≈.....≈♣
♣≈......≈≈......♣♣....≈♣ ♣≈
♣......@≈..≈≈)♣♣♣.....≈♣ ...
♣♣♣♣♣♣♣.≈≈≈@.♣.≈≈♣♣..≈♣...♣
≈.≈≈♣♣≈≈♣♣
♣♣.≈§≈.♣♣≈..♣♣≈♣♣♣.≈. ♣
≈≈≈.≈..≈♣ ♣≈.......≈.≈.♣♣♣
♣...
..♣....≈≈.♣♣♣♣.≈≈≈≈≈..≈≈.≈§
♣♣♣♣
≈≈♣§♣♣≈.≈....♣.≈≈≈≈≈≈≈≈≈≈.≈♣
≈>≈≈. ♣...≈≈.≈≈≈≈≈≈≈≈§≈≈...
..≈≈≈♣♣♣...≈.♣♣≈..≈≈≈≈≈≈≈...≈
♣.....≈≈≈..≈.≈♣♣...≈≈≈≈≈≈.


You could see Donald (fast, strong).

Vanquished Creatures
  Jorgrun (Spider:1)
  2 fenstrider witches (Swamp:1)
  3 emperor scorpions
  2 orc warlords (Orc:1)
  2 ghost moths
  8 broodmothers
  4 entropy weavers
  A bunyip (Swamp:1)
  2 spark wasps
  The ghost of zishaf the Wallflower, a journeyman VSBr of Uskayaw (Orc:2)
  The ghost of Taurus the Cleaver, a journeyman MiBe of Trog (D:10)
  Harold (D:9)
  An ice dragon (IceCv)
  4 boulder beetles
  A centaur warrior (D:9)
  9 hydras
  Erolcha (Orc:2)
  A merfolk aquamancer (D:13)
  A two-headed ogre (D:11)
  4 catoblepae (Lair:6)
  Erica (D:9)
  2 radroaches (Spider:4)
  14 death yaks
  The ghost of zeratav the Markstengu, a journeyman TeHu of Fedhas (D:12)
  An alligator (Swamp:1)
  A death scarab (Spider:2)
  3 goliath frogs (Swamp:1)
  A sun moth (Spider:4)
  10 pharaoh ants
  14 orb spiders
  4 steelbarb worms
  A death drake (Swamp:1)
  4 bog bodies
  A swamp dragon (Swamp:1)
  2 lindwurms (Lair:3)
  15 wolf spiders
  3 orc sorcerers (Orc:2)
  5 orc knights
  A necromancer (Lair:5)
  2 ugly things
  3 cyclopes
  10 elephants
  3 manticores
  A moth of wrath (Spider:4)
  5 black mambas
  Joseph (D:9)
  A cane toad (shapeshifter) (D:13)
  2 ice statues (IceCv)
  2 water nymphs (D:13)
  17 cane toads
  7 torpor snails
  An unseen horror (D:13)
  10 rime drakes
  5 komodo dragons
  2 kobold demonologists
  9 demonic crawlers
  Psyche (D:9)
  A queen bee (shapeshifter) (D:13)
  6 trolls
  2 polar bears
  Prince Ribbit (D:9)
  2 hornets (Swamp:1)
  6 blink frogs
  2 tyrant leeches (Swamp:1)
  21 tarantellas
  8 slime creatures
  24 culicivoras
  2 spriggans (Swamp:1)
  22 jumping spiders
  7 shadows
  3 wraiths
  A culicivora (shapeshifter) (D:12)
  2 wyverns
  71 yaks
  Grum (D:9)
  4 basilisks
  A steam dragon (D:9)
  4 vampire mosquitoes
  33 redbacks
  Menkaure (D:7)
  4 swamp worms (Swamp:1)
  5 wargs
  10 water moccasins
  An acid dragon (D:12)
  3 black bears
  An ice beast (D:6)
  A sky beast (D:8)
  An elephant zombie (Lair:5)
  25 wolves
  41 orc warriors
  5 ogres
  9 centaurs
  2 phantoms
  7 kobold brigands
  12 bullfrogs
  12 gnoll sergeants
  4 electric eels
  3 howler monkeys (D:9)
  3 jellies
  5 komodo dragon simulacra (IceCv)
  5 hounds
  31 orc priests
  A basilisk zombie (Lair:5)
  9 gnoll shamans
  3 iguanas
  Ijyb (D:5)
  Natasha (thrice) (D:4)
  32 orc wizards
  5 hell rats (Lair:5)
  8 ogre zombies (D:9)
  3 mummies (Ossuary)
  36 gnolls
  8 acid dragon simulacra (IceCv)
  7 adders
  2 river rats (Sewer)
  A shadow imp (D:8)
  A white imp (D:6)
  8 steam dragon simulacra (IceCv)
  2 worms
  A dart slug (D:3)
  98 orcs
  7 endoplasms
  6 giant cockroaches
  A gnoll zombie (Ossuary)
  12 goblins
  11 hobgoblins
  8 jackals
  3 quokkas
  8 ball pythons
  10 bats
  9 frilled lizards
  6 goblin zombies
  3 hobgoblin skeletons (D:9)
  3 hobgoblin zombies
  31 kobolds
  A kobold zombie (Ossuary)
  3 orc skeletons (D:9)
  16 orc zombies (D:9)
  11 rats
  A spectral hobgoblin (D:6)
1010 creatures vanquished.

Vanquished Creatures (collateral kills)
  A hydra (Lair:3)
  3 death yaks (Lair:3)
  A komodo dragon (Lair:3)
  A bullfrog (Lair:3)
6 creatures vanquished.

Vanquished Creatures (others)
  A bloated husk (Swamp:1)
  A jumping spider (Spider:4)
  3 kobolds
  23 fungi
  51 plants
79 creatures vanquished.

Grand Total: 1095 creatures vanquished

Notes
Turn   | Place    | Note
-------+----------+-------------------------------------------
     0 | D:1      | swappor the Minotaur Berserker began the quest for the Orb.
     0 | D:1      | Reached XP level 1. HP: 19/19 MP: 0/0
    24 | D:1      | Reached skill level 4 in Axes
   139 | D:1      | Reached XP level 2. HP: 22/26 MP: 1/1
   251 | D:1      | Found a faded altar of an unknown god.
   331 | D:1      | Reached skill level 5 in Axes
   495 | D:1      | Reached XP level 3. HP: 31/31 MP: 2/2
   543 | D:1      | Reached ** piety under Trog
  1088 | D:2      | Found a stormy altar of Qazlal.
  1099 | D:2      | Found Wikizxuw's Antique Armour Emporium.
  1573 | D:3      | Found an opulent altar of Gozag.
  1680 | D:3      | Reached skill level 6 in Axes
  1680 | D:3      | Reached XP level 4. HP: 39/39 MP: 3/3
  1695 | D:3      | Found a shadowy altar of Dithmenos.
  1936 | D:3      | Identified the +4 dagger "Gubly" {pain, rC+ Str+2 Dex-3}
  2029 | D:3      | Reached skill level 4 in Fighting
  2575 | D:4      | Identified the +7 mace of Didajor {venom, SInv}
  2616 | D:4      | Reached skill level 2 in Maces & Flails
  2629 | D:4      | Reached *** piety under Trog
  2667 | D:4      | Reached skill level 3 in Maces & Flails
  2667 | D:4      | Reached XP level 5. HP: 20/46 MP: 2/4
  2862 | D:4      | Found a sacrificial altar of Ru.
  3045 | D:4      | Found a shimmering blue altar of Sif Muna.
  3181 | D:4      | Noticed Natasha
  3189 | D:4      | Killed Natasha
  3190 | D:4      | Reached skill level 4 in Maces & Flails
  3256 | D:4      | Noticed Natasha
  3417 | D:4      | Reached XP level 6. HP: 40/52 MP: 2/5
  3494 | D:4      | Found Kunecl Atuym's Overcharged Wands.
  3515 | D:4      | Reached skill level 5 in Maces & Flails
  3836 | D:5      | Entered Level 5 of the Dungeon
  3855 | D:5      | Noticed Ijyb
  3960 | D:4      | Killed Natasha
  3974 | D:4      | Noticed Natasha
  3982 | D:4      | Killed Natasha
  4118 | D:5      | Reached skill level 6 in Maces & Flails
  4254 | D:5      | Noticed a yak
  4282 | D:5      | Killed a yak
  4283 | D:5      | Reached XP level 7. HP: 51/60 MP: 6/6
  4346 | D:5      | Noticed a yak
  4378 | D:5      | Killed a yak
  4379 | D:5      | Reached skill level 6 in Fighting
  4439 | D:5      | Noticed a wraith
  4455 | D:5      | Killed a wraith
  4456 | D:5      | Reached skill level 7 in Fighting
  4557 | D:5      | Killed Ijyb
  4606 | D:5      | Noticed a yak
  4606 | D:5      | Noticed a yak
  4667 | D:5      | Killed a yak
  4668 | D:5      | Reached skill level 8 in Fighting
  4668 | D:5      | Reached skill level 1 in Evocations
  4668 | D:5      | Reached XP level 8. HP: 70/74 MP: 7/7
  4674 | D:5      | Reached skill level 2 in Evocations
  4826 | D:5      | Found Pesmujie's Armour Emporium.
  5019 | D:5      | Reached skill level 3 in Evocations
  5302 | D:6      | Found a glowing drain.
  5324 | Sewer    | Entered a sewer
  5343 | Sewer    | Reached **** piety under Trog
  5738 | D:6      | Reached skill level 4 in Evocations
  5784 | D:6      | Found a shimmering altar of Xom.
  5896 | D:6      | Reached skill level 5 in Evocations
  6003 | D:6      | Reached skill level 3 in Armour
  6078 | D:6      | Reached skill level 4 in Armour
  6154 | D:6      | Reached skill level 5 in Armour
  6379 | D:6      | Reached ***** piety under Trog
  6416 | D:6      | Found a staircase to the Ecumenical Temple.
  6610 | D:6      | Reached skill level 6 in Armour
  6610 | D:6      | Reached XP level 9. HP: 63/81 MP: 4/8
  7066 | D:6      | Found a hazy altar of Hepliaklqana.
  7123 | D:7      | Reached skill level 7 in Armour
  7131 | D:7      | Reached skill level 8 in Armour
  7365 | D:7      | Found a flagged portal.
  7379 | Bailey   | Entered a bailey
  7502 | Bailey   | Reached skill level 9 in Fighting
  7699 | Bailey   | Reached skill level 10 in Fighting
  7926 | Bailey   | Reached skill level 11 in Fighting
  8423 | Bailey   | Reached XP level 10. HP: 88/96 MP: 7/9
  8700 | D:7      | Received a gift from Trog
  8780 | D:7      | Found Garev's Antique Armour Emporium.
  8989 | D:7      | Noticed Menkaure
  8995 | D:7      | Killed Menkaure
  9407 | D:7      | Reached skill level 12 in Fighting
  9407 | D:7      | Reached skill level 1 in Shields
  9643 | D:7      | Reached skill level 2 in Shields
 10111 | D:8      | Found a sand-covered staircase.
 10141 | Ossuary  | Entered an ossuary
 10170 | Ossuary  | Reached skill level 3 in Shields
 10643 | D:8      | Reached skill level 4 in Shields
 10700 | D:8      | Reached skill level 5 in Shields
 10709 | D:8      | Reached skill level 6 in Shields
 10969 | D:8      | Reached skill level 7 in Shields
 10982 | D:8      | Reached skill level 8 in Shields
 11366 | D:8      | Found a glowing golden altar of the Shining One.
 11492 | D:9      | Reached skill level 6 in Evocations
 11502 | D:9      | Received a gift from Trog
 11919 | D:9      | Noticed Joseph
 11943 | D:9      | Reached skill level 7 in Evocations
 11950 | D:9      | Killed Joseph
 11951 | D:9      | Reached XP level 11. HP: 97/104 MP: 10/10
 12004 | D:9      | Reached skill level 8 in Evocations
 12292 | D:9      | Found a staircase to the Orcish Mines.
 12360 | D:9      | Noticed Erica
 12389 | D:9      | HP: 19/104 [Erica/lance of force (9)]
 12403 | D:9      | Killed Erica
 12880 | D:9      | Noticed a centaur warrior
 12892 | D:9      | Killed a centaur warrior
 12893 | D:9      | Reached skill level 9 in Evocations
 13014 | D:9      | Noticed Psyche
 13017 | D:9      | Killed Psyche
 13053 | D:9      | Noticed Harold
 13062 | D:9      | Killed Harold
 13075 | D:9      | Noticed Prince Ribbit
 13087 | D:9      | Killed Prince Ribbit
 13280 | D:9      | Noticed Grum
 13283 | D:9      | Reached skill level 10 in Evocations
 13289 | D:9      | Killed Grum
 13297 | D:9      | Reached ****** piety under Trog
 13625 | D:4      | Bought a wand of flame (40) for 315 gold pieces
 13625 | D:4      | Bought a wand of mindburst (30) for 510 gold pieces
 13716 | D:10     | Entered Level 10 of the Dungeon
 13909 | D:10     | Received a gift from Trog
 14029 | D:10     | Found a runed translucent door.
 14031 | D:10     | Noticed Taurus's ghost (journeyman MiBe)
 14063 | D:10     | Found Fyqurac's Elemental Accessories.
 14079 | D:10     | Found a staircase to the Lair.
 14145 | D:10     | Found a basalt altar of Yredelemnul.
 14221 | D:10     | Found a white marble altar of Elyvilon.
 14224 | D:10     | Identified the +12 war axe of Slime {vamp, rF+ Dex+2}
 14361 | D:10     | Killed Taurus's ghost
 14470 | Lair:1   | Entered Level 1 of the Lair of Beasts
 14486 | Lair:1   | Reached skill level 7 in Axes
 14906 | Lair:1   | Reached skill level 8 in Axes
 15223 | Lair:1   | Reached XP level 12. HP: 113/113 MP: 11/11
 15484 | Lair:1   | Reached skill level 13 in Fighting
 15506 | Lair:2   | Reached skill level 9 in Axes
 15906 | Lair:2   | Found a staircase to the Swamp.
 16138 | Lair:2   | Reached skill level 10 in Axes
 16451 | Lair:2   | Reached skill level 14 in Fighting
 17048 | Lair:3   | Noticed a death yak
 17181 | Lair:3   | Reached skill level 15 in Fighting
 17598 | Lair:3   | Found a hole to the Spider Nest.
 17727 | Lair:3   | Reached skill level 16 in Fighting
 17771 | Lair:3   | Noticed a seven-headed hydra
 17776 | Lair:3   | Killed a seven-headed hydra
 17776 | Lair:3   | Received a gift from Trog
 17776 | Lair:3   | Noticed a death yak
 17777 | Lair:3   | Noticed a death yak
 17779 | Lair:3   | Noticed a death yak
 17783 | Lair:3   | Killed a death yak
 17784 | Lair:3   | Killed a death yak
 17785 | Lair:3   | Reached skill level 9 in Armour
 17787 | Lair:3   | Reached skill level 9 in Shields
 17787 | Lair:3   | Noticed a five-headed hydra
 17788 | Lair:3   | Killed a death yak
 17789 | Lair:3   | Reached XP level 13. HP: 127/128 MP: 12/12
 18345 | Lair:3   | Reached skill level 10 in Armour
 18345 | Lair:3   | Reached skill level 10 in Shields
 18505 | Lair:3   | Reached skill level 11 in Armour
 18505 | Lair:3   | Reached skill level 11 in Shields
 18505 | Lair:3   | Reached XP level 14. HP: 137/137 MP: 13/13
 18673 | Lair:4   | Reached skill level 12 in Armour
 18673 | Lair:4   | Reached skill level 12 in Shields
 18775 | Lair:4   | Reached skill level 3 in Dodging
 19239 | Lair:5   | Reached skill level 4 in Dodging
 19293 | Lair:5   | Found a staircase to the Slime Pits.
 19293 | Lair:5   | Found a viscous altar of Jiyva.
 19423 | Lair:5   | Reached skill level 5 in Dodging
 19664 | Lair:5   | Reached skill level 6 in Dodging
 19675 | Lair:5   | Received a gift from Trog
 19773 | Lair:5   | Reached skill level 7 in Maces & Flails
 19779 | Lair:5   | Reached skill level 7 in Dodging
 20142 | Lair:5   | Identified a scroll of acquirement
 20142 | Lair:5   | Acquired the +1 plate armour of the Flying Gods {rPois rN+}
 20165 | Lair:6   | Entered Level 6 of the Lair of Beasts
 20185 | Lair:5   | Reached skill level 8 in Maces & Flails
 20372 | Lair:6   | Reached skill level 8 in Dodging
 20459 | Lair:6   | Reached skill level 9 in Maces & Flails
 20734 | Lair:6   | Identified the +4 rapier of Dishonesty {vorpal, SInv}
 20828 | Lair:6   | Reached skill level 10 in Maces & Flails
 21380 | Lair:6   | Reached XP level 15. HP: 143/144 MP: 14/14
 21495 | Lair:6   | Reached skill level 13 in Armour
 21639 | Lair:6   | Reached skill level 14 in Armour
 22707 | D:11     | Found Jeinwogo's Antique Weapon Shop.
 22963 | D:12     | Reached skill level 15 in Armour
 23430 | D:12     | Found a shimmering altar of Xom.
 23659 | D:12     | Found a large runed translucent door.
 23659 | D:12     | Found a large runed translucent door.
 23661 | D:12     | Noticed zeratav's ghost (journeyman TeHu)
 24172 | D:12     | Killed zeratav's ghost
 24173 | D:12     | Reached skill level 16 in Armour
 24179 | D:12     | Identified the +4 dagger of Earthquakes {venom, Int+4}
 24294 | Orc:1    | Entered Level 1 of the Orcish Mines
 24294 | Orc:1    | You fall into a shaft and drop 1 floor!
 24294 | Orc:2    | Entered Level 2 of the Orcish Mines
 24492 | Orc:2    | Noticed Erolcha
 24964 | Orc:2    | Killed Erolcha
 25611 | Orc:1    | Received a gift from Trog
 25702 | Orc:1    | Noticed an orc warlord
 25713 | Orc:1    | Killed an orc warlord
 25714 | Orc:1    | Reached skill level 11 in Evocations
 26026 | Orc:2    | Noticed an orc warlord
 26214 | Orc:1    | HP: 36/144 [orc warlord/+2 long sword of freezing (4)]
 26216 | Orc:1    | Killed an orc warlord
 26221 | Orc:1    | HP: 26/144 [orc warrior/+0 vorpal scimitar[an orc warlord]
                  | (12)]
 26682 | Orc:2    | Found Moiq's Antique Weapon Shoppe.
 26866 | Orc:2    | Found a staircase to the Elven Halls.
 27123 | Orc:2    | Found a large runed translucent door.
 27124 | Orc:2    | Found a large runed translucent door.
 27128 | Orc:2    | Noticed zishaf's ghost (journeyman VSBr)
 27384 | Orc:2    | Found Piwn's General Store.
 27404 | Orc:2    | Bought a scroll of acquirement for 676 gold pieces
 27404 | Orc:2    | Bought a scroll of fear for 45 gold pieces
 27404 | Orc:2    | Bought a scroll of enchant weapon for 97 gold pieces
 27404 | Orc:2    | Acquired the +1 cloak of the Impish God {rPois rC- rN+}
 27462 | Orc:2    | Received a gift from Trog
 27469 | Orc:2    | Found Xoehoun's Antique Armour Emporium.
 27478 | Orc:2    | Bought a runed battleaxe for 247 gold pieces
 27485 | Orc:2    | Bought a runed cloak for 172 gold pieces
 27525 | Orc:2    | Found Worph's General Store.
 27683 | Orc:2    | Killed zishaf's ghost
 27684 | Orc:2    | Reached skill level 12 in Evocations
 28071 | D:13     | Found a frozen archway.
 28078 | IceCv    | Entered an ice cave
 28505 | IceCv    | Identified the +9 rapier "Def Roo" {spect, Int+4}
 28627 | IceCv    | Received a gift from Trog
 28925 | IceCv    | Identified the ring of Accord {Wiz rPois rF+ rN+ Stlth-}
 29255 | Spider:1 | Entered Level 1 of the Spider Nest
 29261 | Spider:1 | Noticed Jorgrun
 29278 | Spider:1 | Killed Jorgrun
 29279 | Spider:1 | Reached XP level 16. HP: 124/151 MP: 15/15
 29334 | Spider:1 | Reached skill level 13 in Evocations
 30461 | Spider:1 | HP: 7/151 [disintegration (49)]
 30466 | Spider:1 | HP: 19/151 [disintegration (7)]
 31094 | Spider:1 | Reached skill level 14 in Evocations
 32004 | Spider:2 | Received a gift from Trog
 32435 | Spider:2 | HP: 37/151 [emperor scorpion (2)]
 32438 | Spider:2 | HP: 16/151 [emperor scorpion (10)]
 32443 | Spider:2 | HP: 19/151 [emperor scorpion (1)]
 32445 | Spider:2 | HP: 7/151 [emperor scorpion (13)]
 32454 | Spider:2 | HP: 17/151 [tarantella (5)]
 32456 | Spider:2 | HP: 8/151 [culicivora (6)]
 32462 | Spider:2 | HP: 22/151 [demonic crawler (2)]
 32465 | Spider:2 | HP: 10/151 [demonic crawler (3)]
 32473 | Spider:2 | HP: 36/151 [demonic crawler (2)]
 32480 | Spider:2 | HP: 37/151 [redback (2)]
 32494 | Spider:2 | HP: 35/151 [redback (4)]
 32503 | Spider:1 | HP: 26/151 [redback (2)]
 33114 | Spider:2 | Reached skill level 15 in Evocations
 33795 | Spider:2 | HP: 33/151 [redback (8)]
 33801 | Spider:2 | HP: 32/151 [redback (3)]
 33811 | Spider:2 | HP: 35/151 [redback (1)]
 35329 | Spider:3 | Reached skill level 17 in Fighting
 36374 | Spider:4 | Entered Level 4 of the Spider Nest
 36443 | Spider:4 | Reached skill level 18 in Fighting
 36468 | Spider:4 | Identified the +0 robe "Humn" {Str+3}
 37075 | Spider:4 | Identified the +1 robe "Tusche" {Harm Regen+ rCorr Stlth-}
 37169 | Spider:4 | Received a gift from Trog
 37234 | Spider:4 | Reached XP level 17. HP: 152/166 MP: 16/16
 37518 | Spider:4 | Reached skill level 19 in Fighting
 38505 | Spider:4 | Reached skill level 20 in Fighting
 38727 | Spider:4 | Got a gossamer rune of Zot
 39157 | Swamp:1  | Entered Level 1 of the Swamp
 39222 | Swamp:1  | Reached skill level 9 in Dodging
 39279 | Swamp:1  | Found a shadowy altar of Dithmenos.
 39458 | Swamp:1  | Reached skill level 10 in Dodging
 39569 | Swamp:1  | Noticed Donald
 39575 | Swamp:1  | HP: 54/255 [Donald/+2 eveningstar of holy wrath (13)]
 39580 | Swamp:1  | HP: 11/255 [Donald/+2 eveningstar of holy wrath (44)]
 39586 | Swamp:1  | Demolished by Donald

Illustrated notes

Levels and vault maps discovered:
D:1:      dpeg_arrival_prison, layout_rooms, ebering_ecumenical_altar_box
D:2:      layout_rooms, serial_shops, shop, basic_altar,
          chequers_decorated_corner, grunt_decor_arrowhead
D:3:      layout_loops_ring, grunt_gozag_breadcrumbs, lemuel_doored_altar
D:4:      layout_cave_pools, mainiacjoe_overflow_catwalk,
          mainiacjoe_overflow_paths, minmay_misc_feat_chi,
          nicolae_shop_overcharged_wands, uniq_natasha
D:5:      layout_gridville, serial_shops, shop, uniq_ijyb
D:6:      layout_basic, nicolae_hepliaklqana_monster_ancestors,
          overflow_temple_1_default, minmay_temple_entry_ruins,
          cheibrodos_sewer_entry_bend
D:7:      layout_loops_ring, serial_shops, shop, enter_bailey_5,
          serial_bayou_lagoon_b, uniq_menkaure
D:8:      layout_basic, kennysheep_mini_moat, nicolae_ossuary_entry_monument
D:9:      layout_loops_ring, zombieorc2_lemuel, nicolae_lava_and_water,
          kennysheep_generic_room_6, uniq_grum, uniq_prince_ribbit1,
          uniq_psyche, uniq_harold, uniq_joseph, uniq_erica
D:10:     layout_rooms, kennysheep_ying_yang, dpeg_oklobed_lair,
          hellmonk_ghost_happy_afterlife, nicolae_elemental_shop
D:11:     layout_irregular_city, serial_shops, nicolae_lakefront_shop
D:12:     layout_irregular_city, ebering_ghost_disaster_area, st_stairs_13,
          xom_confusion_cloud
D:13:     layout_long_grid, portal_ice_cave_entry_pillars_1,
          nicolae_shop_fire_sale [nicolae_sub_dead_trees], nicolae_splish_splash
Lair:1:   layout_chaotic_city, serial_bayou_pond_d, serial_bayou_shore_b
Lair:2:   layout_gridlike, skrybe_swamp_entry_bodies, serial_rivers,
          chequers_serial_rivers_micro_e, chequers_serial_rivers_large_a,
          chequers_serial_rivers_large_b, chequers_serial_rivers_small_b,
          st_stairs_4
Lair:3:   nzn_winding_woodlands_medium [nzn_winding_woodlands_5x5_checkerboard,
          nzn_winding_woodlands_5x15_river_crossing,
          nzn_winding_woodlands_5x5_perimeter,
          nzn_winding_woodlands_5x5_closed_star,
          nzn_winding_woodlands_center_pierced_h,
          nzn_winding_woodlands_5x5_three, nzn_winding_woodlands_hourglass,
          nzn_winding_woodlands_5x15_parted, nzn_winding_woodlands_5x5_cross],
          layout_cave_pods, hellmonk_spider_entry_life_and_decay,
          chequers_serial_rivers_micro_c, beast_lair_carwin_8
Lair:4:   layout_loops_ring, st_stairs_6
Lair:5:   pond_and_an_island_with_a_cottage, layout_misc_corridors,
          slime_altar_1, chequers_serial_rivers_micro_d,
          chequers_serial_rivers_small_b, minmay_holes
Lair:6:   evilmike_catoblepas_cave, layout_misc_corridors, st_stairs_6,
          grunt_megastairs_5
Swamp:1:  layout_basic_swamp, basic_altar, uniq_donald
Spider:1: layout_cave_pods, einodemon_crawler_minivault,
          hangedman_spider_tarantella_strand, uniq_jorgrun
Spider:2: layout_cave_pods
Spider:3: layout_spider_delve, nicolae_spider_orb_run
Spider:4: hellmonk_spider_rune_endless_swarm, nzn_ghost_randoct
Orc:1:    layout_caves, basic_altar, david_defended_altar_orc
Orc:2:    grunt_orc_community_town_hall, layout_caves,
          grunt_orc_community_big_house_1, grunt_orc_community_big_house_1,
          grunt_orc_community_house_3, grunt_orc_community_house_2,
          grunt_orc_community_house_1, grunt_orc_community_house_2,
          grunt_orc_community_house_3, grunt_orc_community_house_1,
          ebering_ghost_disaster_area, nicolae_orc_rockfall, mines2_lemuel,
          uniq_erolcha

Skill      XL: |  1  2  3  4  5  6  7  8  9 10 11 12 13 14 15 16 17 |
---------------+----------------------------------------------------+-----
Axes           | 4 5 6 8 10 | 10.0
Fighting       | 4 8 11 12 16 18 20 | 20.0
Maces & Flails | 3 4 6 10 | 10.2
Evocations     | 1 5 7 10 12 15 | 15.0
Armour         | 6 8 9 11 12 16 | 16.0
Shields        | 8 9 11 12 | 12.0
Dodging        | 8 10 | 10.2

Action                   |  1- 3 |  4- 6 |  7- 9 | 10-12 | 13-15 | 16-18 || total
-------------------------+-------+-------+-------+-------+-------+-------++-------
Melee: Hand axe          |   116 |    17 |       |       |       |       ||   133
       Headbutt          |    10 |    11 |    57 |   152 |   281 |   260 ||   771
       Punch             |     1 |     2 |     7 |       |       |       ||    10
       Hunting sling     |     1 |       |       |       |       |       ||     1
       Mace              |       |    70 |   284 |   453 |     3 |   389 ||  1199
       War axe           |       |       |       |   216 |   166 |       ||   382
       Demon whip        |       |       |       |       |   974 |   573 ||  1547
 Fire: Hunting sling     |    41 |    15 |       |       |       |       ||    56
Throw: Dart              |       |     5 |     4 |     2 |       |       ||    11
Invok: Berserk           |       |       |       |     2 |       |     3 ||     5
       Trog's Hand       |       |       |       |     1 |     1 |     1 ||     3
       Brothers in Arms  |       |       |       |     1 |       |       ||     1
Evoke: Tin of tremorston |       |       |       |     2 |       |       ||     2
       Wand              |       |       |       |     5 |       |       ||     5
       Condenser vane    |       |       |       |       |       |     1 ||     1
  Use: Scroll            |     6 |       |     8 |     8 |    17 |     2 ||    41
       Potion            |       |       |     2 |       |     1 |     9 ||    12
 Stab: Petrified         |       |       |       |       |     3 |       ||     3
Armor: Animal skin       |    11 |       |       |       |       |       ||    11
       Plate armour      |    62 |    37 |   183 |   260 |   410 |   576 ||  1528
Dodge: Dodged            |    53 |    11 |    97 |   126 |   276 |   341 ||   904
Block: Buckler           |       |       |       |   268 |   611 |   725 ||  1604
       Reflection        |       |       |       |     7 |    31 |     4 ||    42

Table legend: (Time is in decaauts)
 A = Elapsed time spent in this place.
 B = Non-inter-level travel time spent in this place.
 C = Inter-level travel time spent in this place.
 D = Time resting spent in this place.
 E = Time spent auto-exploring this place.
 F = Levels seen in this place.
 G = Mean time per level.
                   A        B        C        D        E       F      G
               +--------+--------+--------+--------+--------+-----+--------+
         Total |  39089 |  36739 |   2350 |   8198 |  18705 |  30 | 1303.0 |
       Dungeon |  15339 |  13964 |   1375 |   1352 |   8897 |  13 | 1179.9 |
          Lair |   7742 |   7205 |    537 |    302 |   5396 |   6 | 1290.3 |
         Swamp |    391 |    391 |      0 |     74 |    139 |   1 |  391.0 |
   Spider Nest |   9357 |   9063 |    294 |   4186 |   2273 |   4 | 2339.2 |
  Orcish Mines |   3369 |   3225 |    144 |   1138 |   1450 |   2 | 1684.5 |
         Sewer |    403 |    403 |      0 |      0 |    246 |   1 |  403.0 |
       Ossuary |    305 |    305 |      0 |    100 |     96 |   1 |  305.0 |
        Bailey |   1298 |   1298 |      0 |    537 |    206 |   1 | 1298.0 |
      Ice Cave |    881 |    881 |      0 |    508 |      0 |   1 |  881.0 |
               +--------+--------+--------+--------+--------+-----+--------+

Top non-repeatable levels by time:
Spider:1: 3803 daAuts
Spider:2: 2101 daAuts
     D:9: 2014 daAuts
   Orc:2: 1958 daAuts
Spider:3: 1829 daAuts
     D:7: 1718 daAuts
  Lair:3: 1707 daAuts
Spider:4: 1622 daAuts
  Lair:6: 1619 daAuts
     D:5: 1515 daAuts
     D:8: 1414 daAuts
   Orc:1: 1411 daAuts
     D:6: 1379 daAuts
  Lair:2: 1367 daAuts
  Bailey: 1298 daAuts

Table legend:
 A = Kills in this place as a percentage of kills in entire the game.
 B = Kills by you in this place as a percentage of kills by you in the entire game.
 C = Kills by friends in this place as a percentage of kills by friends in the entire game.
 D = Other kills in this place as a percentage of other kills in the entire game.
 E = Experience gained in this place as a percentage of experience gained in the entire game.
 F = Experience gained in this place divided by the number of levels of this place that you have seen.
                   A       B       C       D       E      F
               +-------+-------+-------+-------+-------+----------------------
         Total | 100.0 | 100.0 | 100.0 | 100.0 | 100.0 | 7368.5
       Dungeon |  35.1 |  35.3 |   0.0 |   0.0 |  15.6 | 2644.3
          Lair |  18.9 |  18.4 | 100.0 |   0.0 |  29.2 | 10744.5
         Swamp |   2.3 |   2.2 |   0.0 |  50.0 |   5.7 | 12654.0
   Spider Nest |  18.2 |  18.2 |   0.0 |  50.0 |  38.7 | 21385.8
  Orcish Mines |  16.7 |  16.8 |   0.0 |   0.0 |   8.4 | 9337.0
         Sewer |   1.9 |   1.9 |   0.0 |   0.0 |   0.0 |  68.0
       Ossuary |   1.1 |   1.1 |   0.0 |   0.0 |   0.0 |  63.0
        Bailey |   3.2 |   3.3 |   0.0 |   0.0 |   0.8 | 1805.0
      Ice Cave |   2.8 |   2.8 |   0.0 |   0.0 |   1.5 | 3404.0
               +-------+-------+-------+-------+-------+----------------------
